 Dungeon Crawl Stone Soup version 0.29-a0-919-gd064cfad1c (webtiles) character file.

Game seed: 5557351955834744512

184 nicolae the Changer (level 5, 0/37 HPs)
             Began as a Demonspawn Transmuter on July 27, 2022.
             Slain by a scorpion (2 damage)
             ... on level 4 of the Dungeon.
             The game lasted 00:07:39 (3852 turns).

nicolae the Changer (Demonspawn Transmuter)         Turns: 3852, Time: 00:07:39

Health: 0/37       AC:  4    Str: 14    XL:     5   Next: 36%
Magic:  0/8        EV: 12    Int: 16    God:
Gold:   117        SH:  0    Dex: 12    Spells: 2/8 levels left

rFire   + . .      SeeInvis .     - Unarmed
rCold   + . .      Faith    .   (no shield)
rNeg    . . .      Spirit   +   a - +0 robe
rPois   +          Reflect  .   j - +0 helmet
rElec   +          Harm     .   b - +0 cloak
rCorr   +          Rampage  .   (no gloves)
Will    .....                   (no boots)
Stlth   +.........              g - amulet of the acrobat
HPRegen 0.92/turn               (no ring)
MPRegen 0.22/turn               (no ring)

@: lethally poisoned (0 -> -2), resistant, unable to drink
A: hooves 1, magic shield, magic regeneration, regeneration 1, strong 1,
inability to drink while threatened 1
a: no special abilities


You were on level 4 of the Dungeon.
You visited 1 branch of the dungeon, and saw 4 of its levels.

You collected 139 gold pieces.
You spent 22 gold pieces at shops.

Inventory:

Missiles
 c - 6 silver javelins
 d - 12 poisoned darts
Armour
 a - a +0 robe (worn)
 b - a +0 cloak (worn)
 j - a +0 helmet (worn)
Jewellery
 g - an amulet of the acrobat (around neck)
Wands
 m - a wand of iceblast (5)
Scrolls
 e - a scroll of immolation
 f - a scroll of magic mapping {unknown}
 l - a scroll of teleportation
 n - a scroll of torment {unknown}
 o - a scroll of blinking {unknown}
Potions
 i - a potion of resistance
 p - a potion of cancellation


   Skills:
 - Level 1.0 Fighting
 - Level 1.7 Dodging
 - Level 2.6 Unarmed Combat
 - Level 2.0 Spellcasting
 - Level 5.0 Transmutations
 + Level 1.2 Poison Magic


You had 2 spell levels left.
You knew the following spells:

 Your Spells              Type           Power      Damage    Failure   Level
a - Beastly Appendage     Tmut           34%        N/A       2%          1
b - Wereblood             Tmut           17%        N/A       4%          2
c - Spider Form           Tmut/Pois      11%        N/A       17%         3

Your spell library contained the following spells:

 Spells                   Type           Power      Damage    Failure   Level
 Apportation              Tloc           2%         N/A       21%         1
 Ignite Poison            Fire/Tmut/Pois 8%         N/A       26%         3
 Conjure Flame            Conj/Fire      1%         6-21      52%         3
 Stone Arrow              Conj/Erth      2%         3d7       52%         3
 Ice Form                 Ice/Tmut       9%         N/A       58%         4
 Alistair's Intoxication  Tmut/Pois      7%         N/A       85%         5
 Animate Armour           Summ/Erth      2%         N/A       90%         4
 Sticky Flame             Conj/Fire      1%         2d3       90%         4
 Lehudib's Crystal Spear  Conj/Erth      0%         10d2      100%        8


Dungeon Overview and Level Annotations

Branches:
Dungeon (4/15)
 Temple: D:4-7

Altars:
Kikubaaqudgha
Makhleb

Shops:
D:1 ?   D:2 (


Innate Abilities, Weirdness & Mutations

You have large cloven feet.
When hurt, damage is shared between your health and your magic reserves.
You regenerate magic rapidly.
Your natural rate of healing is unusually fast.
Your muscles are strong. (Str +4, Int/Dex -1)
You occasionally lose the ability to drink potions when taking damage.


Message History

You are poisoned.
The scorpion poisons you!
You closely miss the scorpion.
You claw the scorpion, but do no damage.
The scorpion is heavily wounded.
You feel very sick. The scorpion stings you.
You are lethally poisoned!
The scorpion poisons you! The scorpion stings you.
You feel protected.
Your horns disappear.
Your talons disappear.
Your +0 helmet unmelds from your body.
You feel very sick. The scorpion stings you!
You closely miss the scorpion.
The scorpion is heavily wounded.
* * * LOW HITPOINT WARNING * * *
You feel very sick. The scorpion closely misses you.
Really quaff the potion of mutation?
You feel extremely strange.
You occasionally lose the ability to drink potions when threatened.
You feel stronger.
You begin to heal more quickly.
* * * LOW HITPOINT WARNING * * *
You feel very sick. The scorpion barely misses you.
* * * LOW HITPOINT WARNING * * *
You feel very sick. The scorpion misses you.
You barely miss the scorpion.
You kick the scorpion, but do no damage.
The scorpion is heavily wounded.
* * * LOW HITPOINT WARNING * * *
You feel sick.
The scorpion stings you but does no damage.
You barely miss the scorpion.
The scorpion is heavily wounded.
* * * LOW HITPOINT WARNING * * *
You feel sick. The scorpion stings you!
You feel threatened and lose the ability to drink potions!
You die...

#.. # #.. ###.#..
....#.!
.......#+########
.................
#..............
######...@s......
.................
.######)#########
#.# #.# #.#
#.#############
#.............#
#############.#


You could see a scorpion.

Vanquished Creatures
  A hound (D:3)
  An orc wizard (D:3)
  4 gnolls
  2 adders
  3 dart slugs (D:1)
  3 orcs (D:3)
  5 endoplasms
  4 giant cockroaches
  2 goblins
  8 hobgoblins
  5 kobolds
  3 quokkas
  4 ball pythons (D:1)
  8 bats
  4 frilled lizards
  7 rats
64 creatures vanquished.

Notes
Turn   | Place    | Note
-------+----------+-------------------------------------------
     0 | D:1      | nicolae the Demonspawn Transmuter began the quest for the
                  | Orb.
     0 | D:1      | Reached XP level 1. HP: 15/15 MP: 3/3
    95 | D:1      | Reached skill level 2 in Transmutations
   342 | D:1      | Gained mutation: You regenerate magic rapidly. [demonic
                  | ancestry]
   342 | D:1      | Reached XP level 2. HP: 18/21 MP: 3/5
   345 | D:1      | Learned a level 2 spell: Wereblood
   397 | D:1      | Found Ufiavy's Magic Scroll Emporium.
   432 | D:1      | Reached skill level 3 in Transmutations
   609 | D:1      | Gained mutation: When hurt, damage is shared between your
                  | health and your magic reserves. [demonic ancestry]
   609 | D:1      | Reached XP level 3. HP: 20/26 MP: 4/6
   896 | D:1      | Bought a scroll of identify for 22 gold pieces
  1551 | D:2      | Learned a level 3 spell: Spider Form
  1836 | D:2      | Found a faded altar of an unknown god.
  2151 | D:2      | Found Cigod's Antique Weapon Boutique.
  2639 | D:3      | Found a burning altar of Makhleb.
  2657 | D:3      | Reached skill level 4 in Transmutations
  2657 | D:3      | Lost mutation: You have razor-sharp toenails. [demonic
                  | ancestry]
  2657 | D:3      | Lost mutation: You have sharp toenails. [demonic ancestry]
  2657 | D:3      | Gained mutation: You have large cloven feet. [demonic
                  | ancestry]
  2657 | D:3      | Reached XP level 4. HP: 18/32 MP: 1/7
  2855 | D:3      | Found an ancient bone altar of Kikubaaqudgha.
  3499 | D:3      | Reached XP level 5. HP: 27/37 MP: 4/8
  3670 | D:3      | Reached skill level 5 in Transmutations
  3670 | D:3      | Reached skill level 1 in Poison Magic
  3849 | D:4      | Gained mutation: You occasionally lose the ability to drink
                  | potions when taking damage. [potion of mutation]
  3849 | D:4      | Gained mutation: Your muscles are strong. (Str +4, Int/Dex
                  | -1) [potion of mutation]
  3849 | D:4      | Gained mutation: Your natural rate of healing is unusually
                  | fast. [potion of mutation]
  3852 | D:4      | Slain by a scorpion

Illustrated notes

Levels and vault maps discovered:
D:1:      dpeg_arrival_connections, layout_basic, serial_shops,
          nicolae_shop_waterfront
D:2:      layout_basic, serial_shops, shop, dreamdust_ecumenical_altar_statues
D:3:      kennysheep_six_static_rooms, layout_rooms,
          mainiacjoe_overflow_concentric_impassable,
          lemuel_coloured_pillars_altar, general_overflow_altar, bloody_makhleb
D:4:      layout_basic, mainiacjoe_overflow_alcove_4, kennysheep_little_box,
          lemuel_blue_sif_altar, minmay_diced_spiral, uniq_robin

Skill      XL: |  1  2  3  4  5 |
---------------+----------------+-----
Transmutations | 2 3 4 5 |  5.0
Poison Magic   | 1 |  1.2
Fighting       | |  1.0
Dodging        | |  1.7
Unarmed Combat | |  2.6
Spellcasting   | |  2.0

Action                   |  1- 3 |  4- 6 || total
-------------------------+-------+-------++-------
Melee: Unarmed           |   129 |    89 ||   218
       Kick              |    24 |    28 ||    52
       Headbutt          |    12 |     7 ||    19
       Punch             |     2 |     2 ||     4
Throw: Dart              |     1 |       ||     1
 Cast: Beastly Appendage |    18 |     4 ||    22
       Wereblood         |     1 |     1 ||     2
  Use: Potion            |     3 |     2 ||     5
       Scroll            |     3 |     3 ||     6
 Stab: Sleeping          |     1 |     1 ||     2
Armor: Robe              |    20 |    17 ||    37
       Skin              |     1 |       ||     1
Dodge: Dodged            |    92 |    68 ||   160

Table legend: (Time is in decaauts)
 A = Elapsed time spent in this place.
 B = Non-inter-level travel time spent in this place.
 C = Inter-level travel time spent in this place.
 D = Time resting spent in this place.
 E = Time spent auto-exploring this place.
 F = Levels seen in this place.
 G = Mean time per level.
                   A        B        C        D        E       F      G
               +--------+--------+--------+--------+--------+-----+--------+
         Total |   3843 |   3732 |    111 |    757 |   2324 |   4 |  960.8 |
       Dungeon |   3843 |   3732 |    111 |    757 |   2324 |   4 |  960.8 |
               +--------+--------+--------+--------+--------+-----+--------+

Top non-repeatable levels by time:
     D:2: 1524 daAuts
     D:1: 1503 daAuts
     D:3: 680 daAuts
     D:4: 135 daAuts
